 Dungeon Crawl Stone Soup version bcrawl-1.21.2-1-g32d02e0829 (webtiles) character file.

Game seed: 11757449118260698944

67 Foic the Magician (level 4, -7/24 HPs)
             Began as an Avariel Wizard on Feb 19, 2020.
             Killed by divine providence
             ... invoked by an orc priest
              (16 damage)
             ... on level 3 of the Dungeon.
             The game lasted 00:11:48 (2336 turns).

Foic the Magician (Avariel Wizard)                  Turns: 2336, Time: 00:11:48

Health: -7/24      AC:  4    Str:  5    XL:     4   Next: 16%
Magic:  15/22      EV: 12    Int: 25    God:
Gold:   92         SH:  0    Dex: 11    Spells: 6/14 levels left

rFire    . . .     SeeInvis .   a - +0 staff
rCold    . . .     Gourm    .   (no shield)
rNeg     . . .     Faith    .   b - +0 robe
rPois    .         Spirit   .   c - +0 hat
rElec    .         Reflect  .   o - +1 cloak
rCorr    .         Harm     .   (no gloves)
MR       .....                  (no boots)
Stlth    ++........             (no amulet)
HPRegen  0.08/turn              m - ring of magical power
MPRegen  0.18/turn              (no ring)

@: no status effects
A: no striking features
a: no special abilities


You were on level 3 of the Dungeon.
You were not hungry.

You visited 1 branch of the dungeon, and saw 3 of its levels.

You collected 92 gold pieces.

Inventory:

Hand Weapons
 a - a +0 staff (weapon)
Missiles
 d - 91 arrows
 k - 292 stones (quivered)
 l - 176 tomahawks
Armour
 b - a +0 robe (worn)
 c - a +0 hat (worn)
 o - a +1 cloak (worn)
Jewellery
 m - a ring of magical power (left hand)
Scrolls
 g - a scroll of identify
 h - a scroll of amnesia {unknown}
 j - a scroll of magic mapping {unknown}
Potions
 f - a potion of brilliance
 i - 2 potions of might {unknown}
Comestibles
 e - 5 rations {!d}
 n - 5 chunks of flesh


   Skills:
 + Level 2.2 Dodging
 + Level 2.3 Stealth
 + Level 5.5 Spellcasting
 + Level 2.0 Conjurations
 + Level 1.8 Summonings
 + Level 1.1 Translocations


You had 6 spell levels left.
You knew the following spells:

 Your Spells              Type           Power        Failure   Level  Hunger
a - Magic Dart            Conj           ###.         3%          1    None
b - Blink                 Tloc           N/A          8%          2    None
c - Call Imp              Summ           ###...       5%          2    None
d - Conjure Flame         Conj/Fire      ##......     16%         3    #......

Your spell library contained the following spells:

 Spells                   Type           Power        Failure   Level  Hunger
 Mephitic Cloud           Conj/Pois/Air  ##......     19%         3    #......
 Spider Form              Tmut/Pois      #..          24%         3    #......


Dungeon Overview and Level Annotations

Branches:
Dungeon (3/12)

Altars:
Ashenzari


Message History

Press: ? - help, Dir - move target cursor, f - orc priest
Aim: an orc priest, wielding a +0 mace Attack!
Your crimson imp blinks!
The orc priest invokes the aid of Beogh against you.
Beogh smites you!
Ouch! That really hurt!
Your crimson imp disappears in a puff of smoke!
Your crimson imp blinks!
Casting: Magic Dart (safe; 3% risk of failure)
Confirm with . or Enter, or press ? or * to list all spells.
Aiming: Magic Dart (safe; 3% risk of failure)
Press: ? - help, Shift-Dir - straight line, f/p - orc priest
Aim: an orc priest, wielding a +0 mace (translocational energy)
The magic dart hits the orc priest.
The orc priest is moderately wounded.
The orc priest invokes the aid of Beogh against you.
Beogh smites you!
Ouch! That really hurt!
You die...

#########.## ##...##
#######.....######
#.................
#.#####.....######
#.######...#######
#.##########...÷.............
#.......÷..o.#######.########
#.......####@# #.# #
........§.##.# #.# #
........#.##.# #.########
#.......#.##.# #.........
........#.##o# ####..###.
........#.##o#### #..###.
...#..=.).......# ###...##.
##.##.###†#.5...# #........
#. #.#.....# #.#)#.###


You could see an orc priest, 2 orcs and a friendly crimson imp.

Vanquished Creatures
  An ooze (D:2)
  3 dart slugs
  5 orcs (D:3)
  4 bats
  3 giant cockroaches
  2 goblins (D:1)
  2 hobgoblins (D:1)
  A quokka (D:3)
  2 ball pythons (D:1)
  3 frilled lizards
  4 kobolds
  2 rats (D:1)
32 creatures vanquished.

Vanquished Creatures (collateral kills)
  An adder (D:3)
  2 worms
  2 leopard geckos
  2 orcs (D:3)
  A hobgoblin (D:2)
  A quokka (D:2)
9 creatures vanquished.

Grand Total: 41 creatures vanquished

Notes
Turn   | Place    | Note
-------+----------+-------------------------------------------
     0 | D:1      | Foic the Avariel Wizard began the quest for the Orb.
     0 | D:1      | Reached XP level 1. HP: 10/10 MP: 7/7
   209 | D:1      | Reached XP level 2. HP: 15/15 MP: 6/9
   213 | D:1      | Learned a level 2 spell: Blink
   216 | D:1      | Learned a level 2 spell: Call Imp
   486 | D:1      | Reached skill level 1 in Translocations
  1071 | D:2      | Reached XP level 3. HP: 19/19 MP: 11/11
  1101 | D:2      | Learned a level 3 spell: Conjure Flame
  1227 | D:2      | Found a shattered altar of Ashenzari.
  1267 | D:2      | Reached skill level 5 in Spellcasting
  2161 | D:3      | Reached XP level 4. HP: 24/24 MP: 12/13
  2336 | D:3      | Killed from afar by an orc priest

Skill      XL: |  1  2  3 |
---------------+----------+-----
Translocations | 1 |  1.1
Spellcasting   | 5 |  5.5
Conjurations   | 2 |  2.0
Dodging        | |  2.2
Stealth        | |  2.3
Summonings     | |  1.8

Action                   |  1- 3 |  4- 6 || total
-------------------------+-------+-------++-------
 Cast: Magic Dart        |    78 |    16 ||    94
       Blink             |     6 |       ||     6
       Call Imp          |    18 |     2 ||    20
       Conjure Flame     |     2 |       ||     2
  Use: Scroll            |     2 |       ||     2
  Eat: Chunk             |     4 |       ||     4
Armor: Robe              |    10 |       ||    10
Dodge: Dodged            |    15 |     1 ||    16
